 Dungeon Crawl Stone Soup version 0.24.1 (webtiles) character file.

Game seed: 1808147585218657495, levelgen mode: deterministic

18244 Doot the Eclecticist (level 12, 0/60 HPs)
             Began as a Deep Elf Wizard on Mar 31, 2020.
             Was a High Priest of Vehumet.
             Shot with an arrow by a centaur warrior (11 damage)
             ... on level 13 of the Dungeon.
             The game lasted 00:38:03 (17366 turns).

Doot the Eclecticist (Deep Elf Wizard)             Turns: 17366, Time: 00:38:03

Health: 0/60       AC:  9    Str:  8    XL:     12   Next: 26%
Magic:  7/34       EV: 14    Int: 29    God:    Vehumet [*****.]
Gold:   736        SH:  0    Dex: 15    Spells: 16/44 levels left

rFire    . . .     SeeInvis +   W - +7 hand axe of Cakk {distort, rN+ Str+4 Dex+2}
rCold    + . .     Gourm    .   (no shield)
rNeg     + . .     Faith    .   G - +3 leather armour
rPois    +         Spirit   .   i - +0 hat
rElec    .         Reflect  .   j - +1 cloak {rPois}
rCorr    .         Harm     .   (no gloves)
MR       +....                  D - +0 pair of boots
Stlth    +++.......             (no amulet)
HPRegen  0.20/turn              U - ring of protection from cold
MPRegen  0.24/turn              y - ring of see invisible

@: no status effects
A: no striking features
a: Renounce Religion


You were on level 13 of the Dungeon.
You worshipped Vehumet.
Vehumet was extremely pleased with you.
You were not hungry.

You visited 2 branches of the dungeon, and saw 14 of its levels.
You also visited: Ossuary.

You collected 975 gold pieces.
You spent 239 gold pieces at shops.

Inventory:

Hand Weapons
 S - a +4 scimitar of flaming
 W - the +7 hand axe of Cakk (weapon) {distort, rN+ Str+4 Dex+2}
   (You found it on level 11 of the Dungeon)

   It warps and distorts space around it.
   Unwielding it can cause banishment or high damage.
   It affects your strength (+4).
   It affects your dexterity (+2).
   It protects you from negative energy.
Missiles
 Q - 3 curare-tipped darts (quivered)
Armour
 i - a +0 hat (worn)
 j - a +1 cloak of poison resistance (worn)
 D - a +0 pair of boots (worn)
 G - a +3 leather armour (worn)
 K - a +0 troll leather armour
 N - a scarf of spirit shield
 R - a +1 robe of cold resistance
Magical Staves
 a - an uncursed staff of cold
 b - an uncursed staff of earth
Jewellery
 t - an uncursed ring of resist corrosion
 y - a ring of see invisible (right hand)
 L - a +2 amulet of reflection {unknown}
 U - a ring of protection from cold (left hand)
Wands
 n - a wand of acid (7)
 x - a wand of polymorph (15)
 A - a wand of disintegration (8)
 F - a wand of digging (2)
 J - a wand of iceblast (7)
 P - a wand of random effects (23)
 Y - a wand of enslavement (7)
Scrolls
 c - 4 scrolls of amnesia
 e - a scroll of immolation
 f - 2 scrolls of magic mapping
 l - 7 scrolls of teleportation
 q - 2 scrolls of fear
 s - 2 scrolls of enchant armour {unknown}
 v - a scroll of enchant weapon {unknown}
 B - 13 scrolls of remove curse
 C - 3 scrolls of random uselessness {unknown}
 E - a scroll of summoning
 V - a scroll of brand weapon
 Z - a scroll of identify
Potions
 g - 2 potions of lignification
 h - 4 potions of agility
 k - 3 potions of flight
 o - 3 potions of cancellation
 p - 5 potions of heal wounds
 r - 4 potions of resistance
 u - 2 potions of mutation
 w - 3 potions of invisibility
 z - 4 potions of curing
 M - 2 potions of might
 O - a potion of berserk rage {unknown}
 T - a potion of brilliance {unknown}
Comestibles
 d - 22 rations
 m - 5 chunks of flesh


   Skills:
 + Level 1.1 Fighting
   Level 0.1 Short Blades
 + Level 0.3 Axes
 + Level 1.1 Throwing
 + Level 2.4 Armour
 + Level 5.0 Dodging
 + Level 5.7 Stealth
 + Level 16.5 Spellcasting
 + Level 9.6 Conjurations
 + Level 3.3 Summonings
 + Level 1.6 Translocations
 + Level 1.9 Fire Magic
 + Level 5.7 Ice Magic
 + Level 1.9 Air Magic
 + Level 8.7 Earth Magic
 + Level 2.4 Poison Magic


You had 16 spell levels left.
You knew the following spells:

 Your Spells              Type           Power        Failure   Level  Hunger
a - Magic Dart            Conj           ####         1%          1    None
b - Blink                 Tloc           N/A          1%          2    None
c - Call Imp              Summ           #####...     1%          2    None
d - Conjure Flame         Conj/Fire      ######..     1%          3    None
e - Mephitic Cloud        Conj/Pois/Air  ######..     1%          3    None
f - Sandblast             Erth           ######       1%          1    None
g - Throw Icicle          Conj/Ice       ######..     1%          4    None
h - Stone Arrow           Conj/Erth      ######       1%          3    None
i - Irradiate             Conj/Tmut      ######....   3%          5    None
j - Sticky Flame          Conj/Fire      ######..     1%          4    None

Your spell library contained the following spells:

 Spells                   Type           Power        Failure   Level  Hunger
 Iron Shot                Conj/Erth      ######....   2%          6    ###....
 Apportation              Tloc           ####..       1%          1    None
 Flame Tongue             Conj/Fire      #####        1%          1    None
 Freeze                   Ice            ####         1%          1    None
 Shock                    Conj/Air       ####         1%          1    None
 Summon Small Mammal      Summ           ####         1%          1    None
 Poisonous Vapours        Pois/Air       #####.       1%          2    None
 Searing Ray              Conj           ######       1%          2    None
 Throw Flame              Conj/Fire      ######       1%          2    None
 Throw Frost              Conj/Ice       ######       1%          2    None
 Dazzling Spray           Conj/Hex       ######       1%          3    None
 Inner Flame              Hex/Fire       ####....     1%          3    None
 Static Discharge         Conj/Air       ######..     1%          3    None
 Force Lance              Conj/Tloc      ######..     1%          4    None
 Fulminant Prism          Conj/Hex       ######....   1%          4    None
 Iskenderun's Mystic Bla  Conj           ######..     1%          4    None
 Fireball                 Conj/Fire      ######....   1%          5    None
 Lightning Bolt           Conj/Air       ######....   1%          5    None
 Animate Skeleton         Necr           N/A          2%          1    None
 Confusing Touch          Hex            ###...       2%          1    None
 Swiftness                Chrm/Air       ####....     2%          2    None
 Ozocubu's Armour         Chrm/Ice       #####...     2%          3    None
 Recall                   Summ/Tloc      N/A          3%          3    None
 Airstrike                Air            #####.....   3%          4    None
 Slow                     Hex            ###.....     4%          2    None
 Summon Guardian Golem    Hex/Summ       ####....     4%          3    None
 Summon Ice Beast         Ice/Summ       ######..     4%          4    None
 Spectral Weapon          Hex/Chrm       ###.....     9%          3    None
 Freezing Cloud           Conj/Ice/Air   ######....   11%         6    ###....
 Borgnjor's Vile Clutch   Necr/Erth      #####.....   12%         5    None
 Yara's Violent Unravell  Hex/Tmut       ###.......   19%         5    None
 Animate Dead             Necr           N/A          26%         4    None
 Cause Fear               Hex            ###.......   26%         4    None
 Silence                  Hex/Air        ####......   45%         5    None
 Simulacrum               Ice/Necr       #####.....   77%         6    ###....
 Deflect Missiles         Chrm/Air       ####......   95%         6    ###....
 Death Channel            Necr           ###.......   99%         6    ###....
 Ring of Flames           Chrm/Fire      ####......   100%        7    #####..
 Discord                  Hex            ###.......   100%        8    ######.


Dungeon Overview and Level Annotations

Branches:
Dungeon (13/15)            Temple (1/1) D:4            Lair (0/6) D:11
    Orc (0/2) D:9         Ossuary (visited)
 Vaults: D:13-14

Altars:
Ashenzari
Cheibriados
Dithmenos
Elyvilon
Fedhas
Gozag
Hepliaklqana
Kikubaaqudgha
Makhleb
Nemelex Xobeh
Okawaru
Qazlal
Ru
Sif Muna
Trog
Uskayaw
Vehumet
Wu Jian
Xom
Yredelemnul
Zin
The Shining One

Shops:
D:4 =   D:5 ?   D:6 **?(

Annotations:
D:4 Edmund
D:6 1 runed translucent door, execc's ghost, novice OpBe
D:12 2 transporters, Storetsch's ghost, journeyman MiFi


Message History

Things that are here:
an arrow; an iguana corpse
Casting: Throw Icicle (safe; 1% risk of failure)
Confirm with . or Enter, or press ? or * to list all spells.
Aiming: Throw Icicle (safe; 1% risk of failure)
Press: ? - help, Shift-Dir - straight line, f/p - centaur warrior
Aim: a centaur warrior, wielding a +0 shortbow (severely wounded, confused)
The shard of ice hits the centaur warrior!!
You kill the centaur warrior!
Vehumet accepts your kill.
Vehumet offers you knowledge of Iron Shot.
You feel your power returning.
Your Dodging skill increases to level 5!
The centaur warrior shoots an arrow.
The arrow closely misses you.
The centaur warrior shoots an arrow.
The arrow hits you!
* * * LOW HITPOINT WARNING * * *
As you read the scroll of fog, it crumbles to dust.
The scroll dissolves into smoke.
The centaur warrior shoots an arrow.
The arrow hits you!
You die...

######## #.. ...[...# #.#
+## ######.########c# ....
##...........##(### .....
##.###.##....s....##.s....
##.# #.##.##.##...('c.....
##.# #.##.##.##.§.##......
...# #.#...<...§§§(# c....
##.# #.........§@§## ....
#.# ###..##.#.§§§)# '##
#.# #..##.#(#).## .# #.#
#..##.#.#..# # #.# #.
#.#.#..# #.# ##..##.#.#).#
.. .......#.#).#
#.........# #####....##


You could see a centaur warrior.

Vanquished Creatures
  Fannar (D:10)
  A hydra (D:12)
  Harold (D:8)
  2 centaur warriors
  A two-headed ogre (D:10)
  An unseen horror (D:10)
  A harpy (shapeshifter) (D:12)
  3 ugly things (D:11)
  A manticore (D:12)
  Maurice (D:8)
  An elephant (D:11)
  A gargoyle (D:12)
  An efreet (D:11)
  3 trolls
  A meliai (D:11)
  Grinder (D:5)
  5 hippogriffs
  A wraith (D:12)
  A shadow (D:12)
  A spriggan (D:7)
  A basilisk (D:11)
  5 yaks
  A hungry ghost (D:6)
  2 acid dragons
  A water moccasin (D:7)
  An ice beast (D:9)
  An eye of draining (shapeshifter) (D:13)
  3 orc warriors
  3 sky beasts (D:12)
  4 phantoms
  9 ogres
  3 centaurs
  A crocodile (D:11)
  8 bullfrogs
  4 big kobolds
  A gnoll sergeant (D:7)
  A wyvern skeleton (D:11)
  4 scorpions
  4 killer bees
  4 wights (D:10)
  A howler monkey (D:7)
  9 crimson imps
  2 centaur zombies
  2 human zombies (Ossuary)
  A quasit (D:6)
  2 bullfrog zombies (D:6)
  4 centaur skeletons
  4 jellies
  3 bullfrog skeletons
  11 hounds
  5 orc priests
  7 orc wizards
  Jessica (D:3)
  4 iguanas
  Ijyb (D:3)
  7 worker ants
  A big kobold zombie (Ossuary)
  2 hound zombies (Ossuary)
  4 mummies (Ossuary)
  2 howler monkey zombies
  3 worker ant zombies
  10 gnolls
  10 adders
  3 shadow imps
  2 oozes
  4 adder skeletons
  3 worms
  A dart slug (D:3)
  2 leopard geckos
  37 orcs
  5 ball pythons
  5 giant cockroaches
  3 gnoll zombies (Ossuary)
  2 goblins
  4 hobgoblins
  8 jackals
  14 kobolds
  4 quokkas
  3 bats
  5 frilled lizards
  2 goblin zombies (Ossuary)
  An orc zombie (Ossuary)
  A quokka zombie (D:7)
  7 rats
  A rat zombie (Ossuary)
303 creatures vanquished.

Vanquished Creatures (collateral kills)
  An ogre (D:5)
  A hound (D:4)
  A worker ant (D:4)
  4 gnolls
  2 orcs
  A hobgoblin (D:3)
  A kobold (D:3)
11 creatures vanquished.

Grand Total: 314 creatures vanquished

Notes
Turn   | Place    | Note
-------+----------+-------------------------------------------
     0 | D:1      | Doot the Deep Elf Wizard began the quest for the Orb.
     0 | D:1      | Reached XP level 1. HP: 10/10 MP: 7/7
   551 | D:1      | Reached XP level 2. HP: 14/15 MP: 0/9
   587 | D:1      | Learned a level 2 spell: Blink
   590 | D:1      | Learned a level 2 spell: Call Imp
   661 | D:1      | Reached skill level 5 in Spellcasting
  1357 | D:2      | Reached XP level 3. HP: 17/19 MP: 7/12
  1392 | D:2      | Learned a level 3 spell: Conjure Flame
  1396 | D:2      | Learned a level 3 spell: Mephitic Cloud
  2410 | D:2      | Found a blossoming altar of Fedhas.
  2812 | D:3      | Reached XP level 4. HP: 24/24 MP: 6/13
  2882 | D:3      | Noticed Jessica
  2900 | D:3      | Killed Jessica
  2900 | D:3      | Reached skill level 6 in Spellcasting
  3228 | D:3      | Reached XP level 5. HP: 28/28 MP: 12/15
  3326 | D:3      | Noticed Ijyb
  3736 | D:3      | Killed Ijyb
  3941 | D:4      | Found a staircase to the Ecumenical Temple.
  3946 | Temple   | Entered the Ecumenical Temple
  3979 | Temple   | Became a worshipper of Vehumet
  4033 | D:4      | Found Ziukk's Jewellery Shoppe.
  4103 | D:4      | Reached skill level 7 in Spellcasting
  4105 | D:4      | Reached XP level 6. HP: 25/32 MP: 12/18
  4784 | D:4      | Found a bloodstained altar of Trog.
  4786 | D:4      | Noticed Edmund
  5104 | D:4      | Reached skill level 1 in Poison Magic
  5194 | D:5      | Entered Level 5 of the Dungeon
  5195 | D:5      | Found Cida's Magic Scroll Boutique.
  5199 | D:5      | Bought a scroll of identify for 20 gold pieces
  5199 | D:5      | Bought a scroll of remove curse for 30 gold pieces
  5229 | D:5      | Reached skill level 1 in Air Magic
  5266 | D:5      | Reached XP level 7. HP: 36/36 MP: 1/20
  5432 | D:5      | Found an opulent altar of Gozag.
  5450 | D:5      | Reached skill level 8 in Spellcasting
  5537 | D:5      | Noticed Grinder
  5587 | D:5      | Killed Grinder
  5673 | D:5      | Reached skill level 5 in Conjurations
  5764 | D:5      | Found a sand-covered staircase.
  5769 | Ossuary  | Entered an ossuary
  5775 | Ossuary  | Reached * piety under Vehumet
  5775 | Ossuary  | Offered knowledge of Sandblast by Vehumet.
  5779 | Ossuary  | Reached XP level 8. HP: 24/41 MP: 4/22
  5780 | Ossuary  | Reached skill level 9 in Spellcasting
  5788 | Ossuary  | Learned a level 1 spell: Sandblast
  6657 | D:5      | Found an ancient bone altar of Kikubaaqudgha.
  6767 | D:6      | Found a runed translucent door.
  6772 | D:6      | Noticed execc's ghost (novice OpBe)
  6772 | D:6      | Noticed a centaur warrior
  6789 | D:6      | Found Bianahim's Magic Scroll Shoppe.
  6790 | D:6      | Found Zeyrug's General Store.
  6960 | D:6      | Reached skill level 10 in Spellcasting
  6960 | D:6      | Reached skill level 1 in Earth Magic
  7229 | D:6      | Found Roax Itz's Antique Weapon Shop.
  7232 | D:6      | Bought a translucent dagger for 189 gold pieces
  7232 | D:6      | Identified the cursed +1 dagger "Joocreap" {antimagic, rF++
                  | rN+ Str+7} (You bought it in a shop on level 6 of the
                  | Dungeon)
  7492 | D:6      | Found Papn's General Store.
  7830 | D:7      | Found a glowing golden altar of the Shining One.
  8050 | D:7      | Reached ** piety under Vehumet
  8050 | D:7      | Offered knowledge of Sting by Vehumet.
  8059 | D:7      | Reached XP level 9. HP: 46/46 MP: 17/25
  8063 | D:7      | Reached skill level 11 in Spellcasting
  8230 | D:7      | Found an iron altar of Okawaru.
  8274 | D:7      | Found a shattered altar of Ashenzari.
  8410 | D:7      | Reached skill level 5 in Stealth
  8422 | D:7      | Found a burning altar of Makhleb.
  8826 | D:8      | Reached skill level 5 in Earth Magic
  8861 | D:8      | Noticed Maurice
  8871 | D:8      | Killed Maurice
  8871 | D:8      | Reached skill level 12 in Spellcasting
  9162 | D:8      | Found a sacrificial altar of Ru.
  9282 | D:8      | Reached skill level 1 in Fire Magic
  9379 | D:8      | Noticed Harold
  9402 | D:8      | Killed Harold
  9402 | D:8      | Reached XP level 10. HP: 50/51 MP: 7/28
  9830 | D:8      | Found a snail-covered altar of Cheibriados.
  9983 | D:8      | Reached skill level 13 in Spellcasting
 10395 | D:9      | Offered knowledge of Ignite Poison by Vehumet.
 10550 | D:9      | Learned a level 4 spell: Throw Icicle
 10887 | D:9      | Found a staircase to the Orcish Mines.
 11083 | D:9      | Reached *** piety under Vehumet
 11170 | D:10     | Entered Level 10 of the Dungeon
 11183 | D:10     | Noticed an unseen horror
 11382 | D:10     | Killed an unseen horror
 11534 | D:10     | Reached skill level 14 in Spellcasting
 12040 | D:10     | Offered knowledge of Stone Arrow by Vehumet.
 12054 | D:11     | Learned a level 3 spell: Stone Arrow
 12491 | D:10     | You fall into a shaft and drop 2 floors!
 12739 | D:12     | Reached skill level 1 in Ice Magic
 12739 | D:12     | Reached XP level 11. HP: 54/55 MP: 12/31
 13009 | D:12     | Reached skill level 1 in Armour
 13098 | D:12     | Reached **** piety under Vehumet
 13108 | D:12     | Reached skill level 15 in Spellcasting
 13342 | D:12     | Found a transporter.
 13342 | D:12     | Noticed Storetsch's ghost (journeyman MiFi)
 13351 | D:12     | Noticed a harpy
 13355 | D:12     | Killed a harpy
 13392 | D:12     | Noticed a catoblepas
 13551 | D:12     | Found a transporter.
 13799 | D:12     | Offered knowledge of Irradiate by Vehumet.
 13879 | D:12     | Learned a level 5 spell: Irradiate
 13977 | D:10     | Noticed a two-headed ogre
 13981 | D:10     | Killed a two-headed ogre
 14120 | D:10     | Noticed Fannar
 14136 | D:10     | Killed Fannar
 14683 | D:11     | Found a staircase to the Lair.
 14750 | D:11     | Noticed a red ugly thing
 15105 | D:11     | Noticed a brown ugly thing
 15112 | D:11     | Killed a brown ugly thing
 15344 | D:11     | Reached skill level 1 in Throwing
 15487 | D:11     | Reached skill level 16 in Spellcasting
 15878 | D:11     | Noticed a green ugly thing
 15885 | D:11     | Learned a level 4 spell: Sticky Flame
 15890 | D:11     | Killed a red ugly thing
 15894 | D:11     | Killed a green ugly thing
 15894 | D:11     | Reached skill level 5 in Ice Magic
 16240 | D:11     | Got a fine hand axe
 16241 | D:11     | Identified the +7 hand axe of Cakk {distort, rN+ Str+4
                  | Dex+2} (You found it on level 11 of the Dungeon)
 16440 | D:11     | Reached XP level 12. HP: 52/60 MP: 25/34
 16846 | D:12     | Noticed a four-headed hydra
 16870 | D:12     | Killed a four-headed hydra
 17021 | D:12     | Noticed a centaur warrior
 17028 | D:12     | Killed a centaur warrior
 17139 | D:13     | Reached ***** piety under Vehumet
 17229 | D:13     | Identified the Almanac of the Entrancing Frostbite
 17300 | D:13     | Reached skill level 1 in Fighting
 17350 | D:13     | Noticed a centaur warrior
 17351 | D:13     | Noticed a centaur warrior
 17361 | D:13     | Banished a centaur warrior
 17363 | D:13     | Noticed a centaur warrior
 17364 | D:13     | Killed a centaur warrior
 17364 | D:13     | Offered knowledge of Iron Shot by Vehumet.
 17364 | D:13     | Reached skill level 5 in Dodging
 17366 | D:13     | Shot with an arrow by a centaur warrior

Levels and vault maps discovered:
D:1:      dpeg_arrival_rooms_c, layout_loops_ring, minivault_5
D:2:      layout_basic, fedhas_altar_4
D:3:      layout_rooms, uniq_jessica, uniq_ijyb
D:4:      minmay_chambers_of_fours, layout_basic, bloody_trog,
          minmay_temple_entry_drinking_statues, serial_shops,
          nicolae_shop_statue_plus, serial_glass, glass_columns_a,
          glass_columns_b, minmay_misc_feat_five, uniq_edmund
D:5:      layout_loops_ring, old_standard_altar, kennysheep_little_box,
          enter_ossuary_5, serial_shops, shop_fountains, first_ration,
          minivault_14, st_stairs_13, uniq_grinder
D:6:      layout_loops_ring, ebering_ghost_inner_flame, serial_shops, shop,
          shop, kennysheep_mini, shop_fountains
D:7:      layout_loops_cross, tso_metal_star, lemuel_round_altar,
          marbit_many_paths, kennysheep_mini_moat, the_bakery,
          chequers_mini_garden, grunt_decor_mini_mirrors
D:8:      layout_loops_ring, slow_altar_2, nicolae_ru_the_path_less_chosen,
          uniq_harold, uniq_maurice
D:9:      layout_roguey, orc_0_dummy
D:10:     layout_rooms, uniq_fannar
D:11:     minmay_chambers_of_sixes, layout_layer_cave, david_lair_generic
D:12:     minmay_inside_and_out, layout_loops_ring,
          gammafunk_ghost_berserking_beasts
D:13:     layout_loops_ring, david_vaults_2, kennysheep_generic_room_10
Temple:   minmay_temple_bridge_abc

Skill      XL: |  1  2  3  4  5  6  7  8  9 10 11 12 |
---------------+-------------------------------------+-----
Spellcasting   | 5 6 7 8 10 12 14 16 | 16.5
Dodging        | 3 4 5 |  5.0
Stealth        | 3 4 5 |  5.7
Conjurations   | 2 3 4 5 6 9 |  9.6
Poison Magic   | 1 2 |  2.4
Air Magic      | 1 |  1.9
Summonings     | 2 3 |  3.3
Earth Magic    | 3 6 8 |  8.7
Fire Magic     | 1 |  1.9
Ice Magic      | 1 5 |  5.7
Armour         | 2 |  2.4
Throwing       | 1 |  1.1
Fighting       | 1 |  1.1
Short Blades   | |  0.1
Axes           | |  0.3
Translocations | |  1.6

Action                   |  1- 3 |  4- 6 |  7- 9 | 10-12 || total
-------------------------+-------+-------+-------+-------++-------
Melee: Rapier            |     6 |    10 |     7 |       ||    23
       Staff             |       |       |     6 |     8 ||    14
       Hand axe          |       |       |       |     5 ||     5
Throw: Stone             |       |       |     2 |       ||     2
       Dart              |       |       |       |     4 ||     4
 Cast: Magic Dart        |   106 |   108 |    92 |    42 ||   348
       Mephitic Cloud    |     2 |     5 |    12 |     3 ||    22
       Call Imp          |     2 |    15 |     7 |       ||    24
       Conjure Flame     |     1 |     7 |    22 |    14 ||    44
       Blink             |     1 |       |     2 |     4 ||     7
       Sandblast         |       |       |   104 |    68 ||   172
       Throw Icicle      |       |       |       |   151 ||   151
       Stone Arrow       |       |       |       |    68 ||    68
       Sticky Flame      |       |       |       |     1 ||     1
  Use: Scroll            |       |     8 |     8 |     5 ||    21
 Stab: Distracted        |     1 |       |     1 |       ||     2
       Confused          |       |       |     1 |     1 ||     2
       Sleeping          |       |       |       |     2 ||     2
  Eat: Chunk             |     6 |     4 |    12 |    24 ||    46
       Ration            |       |     1 |       |       ||     1
Armor: Robe              |    17 |    11 |    28 |     4 ||    60
       Leather armour    |       |       |       |    19 ||    19
Dodge: Dodged            |    35 |    40 |    76 |    86 ||   237
